 Dungeon Crawl Stone Soup version 0.18.1-48-g4cf74bf (webtiles) character file.

1544 nikopol the Spear-Bearer (level 8, -1/73 HPs)
             Began as a Minotaur Berserker on Aug 5, 2016.
             Was an Elder of Trog.
             Slain by a centaur (4 damage)
             ... on level 7 of the Dungeon.
             The game lasted 00:08:39 (5320 turns).

nikopol the Spear-Bearer (Minotaur Berserker)       Turns: 5320, Time: 00:08:40

Health: -1/73      AC:  7    Str: 22    XL:     8   Next: 56%
Magic:  7/7        EV: 14    Int:  4    God:    Trog [****..]
Gold:   369        SH:  0    Dex: 12    Spells: 0 memorised, 7 levels left

rFire  . . .     SeeInvis .     w - +0 trident
rCold  . . .     Gourm    .     d - +0 leather armour (curse)
rNeg   . . .     Faith    .     (no shield)
rPois  .         Spirit   .     (helmet restricted)
rElec  .         Dismiss  .     (no cloak)
rCorr  .         Reflect  .     A - +1 pair of gloves
SustAt +         Harm     .     r - +0 pair of boots
MR     .....                    (no amulet)
Stlth  +.........               (no ring)
                                o - ring of sustain attributes

@: confused, not resistant to hostile enchantments, very unstealthy
A: retaliatory headbutt, horns 2
a: Berserk, Trog's Hand, Brothers in Arms, Burn Spellbooks, Renounce Religion


You were on level 7 of the Dungeon.
You worshipped Trog.
Trog was greatly pleased with you.
You were not hungry.

You visited 1 branch of the dungeon, and saw 7 of its levels.

You collected 369 gold pieces.

Inventory:

Hand Weapons
 a - a +0 spear
 w - a +0 trident (weapon)
Missiles
 y - 20 arrows
Armour
 b - a +0 animal skin
 d - a cursed +0 leather armour (worn)
 n - a +0 ring mail
 r - a +0 pair of boots (worn)
 t - a cursed -1 ring mail
 x - a cursed +0 leather armour
 A - a +1 pair of gloves (worn)
Jewellery
 o - a ring of sustain attributes (left hand)
Wands
 z - a wand of disintegration (7/24)
 B - a wand of slowing (8/48)
 C - a wand of polymorph (9/24)
 D - a wand of slowing (21/48)
Scrolls
 f - 4 scrolls of immolation {unknown}
 g - 11 scrolls of identify {unknown}
 h - a scroll of teleportation {unknown}
 k - 2 scrolls of amnesia {unknown}
 l - 2 scrolls of noise {unknown}
 m - 3 scrolls of recharging {unknown}
 q - 6 scrolls of remove curse {unknown}
Potions
 e - 2 potions of heal wounds {unknown}
 i - 2 potions of curing {unknown}
 p - 2 potions of brilliance {unknown}
 s - 4 potions of degeneration {unknown}
 u - 3 potions of agility {unknown}
 v - a potion of might {unknown}
Comestibles
 c - 2 bread rations
 j - 5 meat rations


   Skills:
 + Level 7.0 Fighting
 * Level 8.0 Polearms
 + Level 6.4 Armour
 + Level 6.3 Dodging


You had 7 spell levels left.
You didn't know any spells.

Dungeon Overview and Level Annotations

Branches:
Dungeon (7/15)             Temple (0/1) D:6

Altars:
Cheibriados
Nemelex Xobeh
Okawaru
Ru
Sif Muna
Trog
Vehumet
Xom
Zin
The Shining One

Shops:
D:4 =   D:6 (


Innate Abilities, Weirdness & Mutations

You reflexively headbutt those who attack you in melee.
You have a pair of horns on your head.


Message History

The centaur wields an uncursed shortbow.
The centaur shoots an arrow.
The arrow hits you!
* * * LOW HITPOINT WARNING * * *
You see here an arrow.
The centaur zaps a wand.
Your will is overpowered!
You are more confused.
The centaur unwields an uncursed shortbow.
The centaur hits you but does no damage.
You barely miss the centaur. You headbutt the centaur.
The centaur is almost dead.
The centaur completely misses you.
The centaur hits you but does no damage.
The centaur barely misses you. The centaur completely misses you.
You hit the centaur but do no damage. Your headbutt misses the centaur.
The centaur is almost dead.
The centaur closely misses you.
The centaur hits you but does no damage.
You're too confused to move!
The centaur hits you.
You die...

#...# #.# #.#.###
#.# #.#.#
#####'###### #.#.#
#..........# #
#.#.# #..........#
#. #.#.#
#..........# #..
#.#.#######'######
###..##.#..(.[(...#
#........@(.(.#####
.#......c....+
##.##......(# #
#(......# #(((....#
#.((....#
#...####### ##..#
#..#


You could see a centaur.

Vanquished Creatures
  A hippogriff (D:7)
  The ghost of Galewind the Magician, an amateur DECj (D:4)
  2 ice beasts
  3 ogres
  2 giant frogs (D:6)
  A scorpion (D:4)
  A howler monkey (D:5)
  A crimson imp (D:5)
  3 orc priests
  2 hounds
  2 jellies
  A centaur skeleton (D:5)
  3 orc wizards
  An iguana (D:4)
  A worker ant (D:4)
  4 gnolls
  9 adders
  A howler monkey skeleton (D:4)
  2 oozes
  An adder skeleton (D:5)
  4 worms
  10 giant geckos
  15 orcs
  7 bats
  2 giant cockroaches
  5 hobgoblins
  12 jackals
  A quokka (D:5)
  A ball python (D:3)
  5 giant newts
  10 goblins
  A jackal zombie (D:6)
  9 kobolds
  A quokka skeleton (D:4)
  8 rats
133 creatures vanquished.

Notes
Turn   | Place    | Note
--------------------------------------------------------------
     0 | D:1      | nikopol the Minotaur Berserker began the quest for the Orb.
     0 | D:1      | Reached XP level 1. HP: 19/19 MP: 0/0
   113 | D:1      | Reached XP level 2. HP: 17/27 MP: 1/1
   310 | D:1      | Reached skill level 4 in Polearms
   328 | D:1      | Reached XP level 3. HP: 33/33 MP: 2/2
   508 | D:1      | Reached ** piety under Trog
  1107 | D:2      | Reached XP level 4. HP: 40/40 MP: 3/3
  1175 | D:2      | Found a sparkling altar of Nemelex Xobeh.
  1406 | D:3      | Found a deep blue altar of Sif Muna.
  1464 | D:3      | Found a sacrificial altar of Ru.
  1585 | D:2      | Reached XP level 5. HP: 34/47 MP: 4/4
  1677 | D:3      | Reached *** piety under Trog
  2286 | D:4      | Reached skill level 5 in Fighting
  2443 | D:4      | Reached XP level 6. HP: 38/56 MP: 5/5
  2546 | D:4      | Noticed Galewind's ghost (amateur DECj)
  2552 | D:4      | Reached skill level 5 in Polearms
  2559 | D:4      | Killed Galewind's ghost
  2578 | D:4      | Reached skill level 5 in Armour
  3075 | D:4      | Reached XP level 7. HP: 61/61 MP: 6/6
  3085 | D:4      | Found Zyjoem's Jewellery Shop.
  3284 | D:5      | Entered Level 5 of the Dungeon
  3396 | D:5      | Found a shimmering altar of Xom.
  3468 | D:5      | Reached skill level 5 in Dodging
  3704 | D:5      | Reached skill level 6 in Polearms
  4037 | D:5      | Found an iron altar of Okawaru.
  4038 | D:5      | Found a snail-covered altar of Cheibriados.
  4041 | D:5      | Found a radiant altar of Vehumet.
  4041 | D:5      | Found a bloodstained altar of Trog.
  4044 | D:5      | Found a glowing silver altar of Zin.
  4270 | D:6      | Found a staircase to the Ecumenical Temple.
  4288 | D:6      | Reached **** piety under Trog
  4461 | D:6      | Reached XP level 8. HP: 61/71 MP: 7/7
  4535 | D:6      | Reached skill level 7 in Polearms
  4548 | D:6      | Found Ahyan's Weapon Emporium.
  4999 | D:7      | Reached skill level 8 in Polearms
  5245 | D:7      | Found a glowing golden altar of the Shining One.
  5312 | D:7      | HP: 1/73 [centaur/arrow (8)]
  5320 | D:7      | Slain by a centaur

Skill      XL: |  1  2  3  4  5  6  7  8 |
---------------+-------------------------+-----
Fighting       | 4 5 6 7 |  7.0
Polearms       | 4 5 6 8 |  8.0
Armour         | 3 4 5 6 |  6.4
Dodging        | 3 4 5 6 |  6.3

Action                   |  1- 3 |  4- 6 |  7- 9 || total
-------------------------+-------+-------+-------++-------
Melee: Spear             |    90 |   144 |       ||   234
       Headbutt          |     9 |    21 |    27 ||    57
       Trident           |       |     6 |   160 ||   166
Invok: Berserk           |       |     2 |       ||     2
       Burn Spellbooks   |       |       |     3 ||     3
Evoke: Wand              |       |       |     1 ||     1
 Stab: Sleeping          |       |       |     1 ||     1
  Eat: Chunk             |       |     9 |     7 ||    16
Armor: Leather armour    |    14 |    15 |    24 ||    53
       Animal skin       |     1 |       |       ||     1
Dodge: Dodged            |    38 |    53 |    99 ||   190
